 Dungeon Crawl Stone Soup version 0.27.1-15-g792fb953b9 (webtiles) character file.

Game seed: 7781915150063907109

102281 jjjjhere the Brawler (level 15, -5/156 HPs)
             Began as a Troll Abyssal Knight on Nov 20, 2021.
             Was a High Priest of Lugonu.
             Slain by Donald (56 damage)
             ... on level 2 of the Spider Nest on Nov 21, 2021.
             The game lasted 00:53:51 (24179 turns).

jjjjhere the Brawler (Troll Abyssal Knight)        Turns: 24179, Time: 00:53:52

Health: -5/156     AC:  8    Str: 24    XL:     15   Next: 85%
Magic:  19/23      EV: 17    Int:  8    God:    Lugonu [*****.]
Gold:   2747       SH:  0    Dex: 11    Spells: 14/14 levels left

rFire    + + .     SeeInvis .     - Unarmed
rCold    . . .     Faith    .   (no shield)
rNeg     . . .     Spirit   .   m - +2 animal skin
rPois    +         Reflect  .   Y - +2 hat
rElec    .         Harm     .   (no cloak)
rCorr    .         Rampage  .   (gloves unavailable)
Will     +....                  (boots unavailable)
Stlth    +.........             y - amulet of the Lobster {+Inv rF++ Regen+ Int-3}
HPRegen  2.36/turn              S - ring of poison resistance
MPRegen  0.18/turn              t - +4 ring of evasion

@: no status effects
A: large, unfitting armour, claws 3, regeneration 1, shaggy fur 1, tough skin 1,
screaming 1
a: Renounce Religion, Evoke Invisibility, Depart the Abyss, Bend Space, Banish,
Corrupt, Enter the Abyss


You were on level 2 of the Spider Nest.
You worshipped Lugonu.
Lugonu was extremely pleased with you.
You visited 4 branches of the dungeon, and saw 24 of its levels.
You visited the Abyss 1 time.
You also visited: Bailey and Ice Cave.

You collected 2747 gold pieces.

Inventory:

Hand Weapons
 C - a +3 demon whip of venom
Missiles
 h - 96 poisoned darts (quivered)
 i - 167 sling bullets
 w - 80 boomerangs
 K - 5 boomerangs of dispersal
 V - 2 throwing nets
Armour
 a - a +1 robe
 m - a +2 animal skin (worn)
 Y - a +2 hat (worn)
Jewellery
 b - a ring of positive energy
 g - a ring of willpower
 j - an amulet of magic regeneration
 n - an amulet of reflection
 s - an amulet of guardian spirit
 t - a +4 ring of evasion (right claw)
 y - the amulet of the Lobster (around neck) {+Inv rF++ Regen+ Int-3}
   (You found it on level 7 of the Dungeon)

   [amulet of regeneration]

   Int:       It affects your intelligence (-3).
   rF:        It greatly protects you from fire.
   +Inv:      It lets you turn invisible.
   Regen:     It increases your rate of health regeneration.
 z - a ring of flight
 S - a ring of poison resistance (left claw)
 X - a ring of see invisible
 Z - a ring of willpower
Wands
 u - a wand of digging (14)
 B - a wand of iceblast (26)
 G - a wand of flame (23)
 I - a wand of mindburst (18)
 M - a wand of polymorph (7)
 P - a wand of paralysis (11)
 R - a wand of acid (5)
Scrolls
 e - 2 scrolls of teleportation
 k - 2 scrolls of noise
 o - 5 scrolls of enchant armour
 r - 5 scrolls of fog
 v - 6 scrolls of enchant weapon
 A - 7 scrolls of amnesia
 F - a scroll of silence
 H - 2 scrolls of holy word
 J - 4 scrolls of blinking
 L - 4 scrolls of fear
 N - 5 scrolls of identify
 O - a scroll of summoning
 T - 2 scrolls of magic mapping
Potions
 c - 4 potions of mutation
 d - a potion of might
 f - 3 potions of heal wounds
 l - 4 potions of brilliance
 p - a potion of invisibility
 q - 2 potions of cancellation
 x - 3 potions of curing
 D - 3 potions of lignification
 E - 4 potions of attraction
 Q - a potion of haste
Miscellaneous
 U - a phantom mirror (inert)
 W - a piece from Xom's chessboard (15/15)


   Skills:
 - Level 12.1 Fighting
 + Level 0.2 Throwing
 + Level 3.3 Armour
 - Level 11.3 Dodging
 + Level 15.4 Unarmed Combat
 - Level 13.0 Invocations


You had 14 spell levels left.
You didn't know any spells.
Your spell library contained the following spells:

 Spells                   Type           Power      Damage    Failure   Level
 Magic Dart               Conj           0%         1d3       41%         1
 Sandblast                Erth           0%         2d4       41%         1
 Summon Small Mammal      Summ           0%         N/A       41%         1
 Blink                    Tloc           N/A        N/A       54%         2
 Call Imp                 Summ           0%         N/A       54%         2
 Passwall                 Tmut/Erth      0%         N/A       54%         2
 Call Canine Familiar     Summ           0%         N/A       78%         3
 Gell's Gravitas          Tloc           0%         N/A       78%         3
 Inner Flame              Hex/Fire       0%         N/A       78%         3
 Lesser Beckoning         Tloc           0%         N/A       78%         3
 Mephitic Cloud           Conj/Pois/Air  0%         N/A       78%         3
 Portal Projectile        Hex/Tloc       0%         N/A       78%         3
 Summon Guardian Golem    Hex/Summ       0%         N/A       78%         3
 Teleport Other           Tloc           0%         N/A       78%         3
 Airstrike                Air            0%         N/A       99%         4
 Animate Dead             Necr           0%         N/A       99%         4
 Cause Fear               Hex            0%         N/A       99%         4
 Leda's Liquefaction      Hex/Erth       0%         N/A       99%         4
 Summon Lightning Spire   Summ/Air       0%         N/A       99%         4
 Borgnjor's Vile Clutch   Necr/Erth      0%         N/A       100%        5
 Fireball                 Conj/Fire      0%         3d3       100%        5
 Freezing Cloud           Conj/Ice/Air   0%         6-21      100%        5
 Lee's Rapid Deconstruct  Erth           0%         3d5*      100%        5
 Lightning Bolt           Conj/Air       0%         1d11      100%        5
 Manifold Assault         Tloc           0%         N/A       100%        5
 Summon Forest            Summ/Tloc      0%         N/A       100%        5
 Death Channel            Necr           0%         N/A       100%        6
 Dispersal                Tloc           0%         N/A       100%        6
 Eringya's Noxious Bog    Tmut/Pois      0%         N/A       100%        6
 Simulacrum               Ice/Necr       0%         N/A       100%        6
 Starburst                Conj/Fire      0%         6d3       100%        6
 Summon Hydra             Summ           0%         N/A       100%        7
 Discord                  Hex            0%         N/A       100%        8
 Ignition                 Fire           0%         3d3       100%        8
 Polar Vortex             Ice            0%         N/A       100%        9


Dungeon Overview and Level Annotations

Branches:
Dungeon (14/15)            Temple (0/1) D:6            Lair (6/6) D:8
  Swamp (0/4) Lair:2       Spider (2/4) Lair:2        Slime (0/5) Lair:5
    Orc (2/2) D:9             Elf (0/3) Orc:2        Bailey (visited)
  IceCv (visited)
 Vaults: D:13-14

Altars:
Cheibriados
Elyvilon
Fedhas
Hepliaklqana
Kikubaaqudgha
Nemelex Xobeh
Ru
Trog
Uskayaw
Vehumet
Wu Jian
Jiyva

Shops:
D:9 (   Orc:1 (   Orc:2 *:?[

Portals:
Pandemonium: Orc:2

Annotations:
D:2 1 runed translucent door, Crazy Yiuf
D:13 Rupert; Sonja
Lair:1 3 runed translucent doors, styxcanada's ghost, journeyman SpBr
Lair:6 exclusion: obsidian statue
Spider:2 Donald
Abyss:1 Joseph; Nergalle; Snorg; Urug


Innate Abilities, Weirdness & Mutations

You are too large for most types of armour.
You have claws for hands.
Your natural rate of healing is unusually fast.
You are covered in fur. (AC +1)
You have tough skin. (AC +1)
You occasionally shout uncontrollably at your foes.


Message History

Donald is lightly wounded.
You mangle Donald!!
Donald is heavily wounded.
A redback comes into view.
Donald says, "I hate crawling things."
Donald unwields a +0 fustibalus.
Donald wields a +2 eveningstar of holy wrath.
It softly glows with a divine radiance!
Donald hits you with a +2 eveningstar of holy wrath!!
Donald blocks your attack.
Donald is heavily wounded.
Donald hits you with a +2 eveningstar of holy wrath!!
You barely miss Donald.
Donald is heavily wounded.
Donald hits you with a +2 eveningstar of holy wrath!
Donald blocks your attack.
Donald is heavily wounded.
Donald hits you with a +2 eveningstar of holy wrath!
Donald hits you with a +2 eveningstar of holy wrath!!
* * * LOW HITPOINT WARNING * * *
Donald unwields a +2 eveningstar of holy wrath.
It stops glowing.
Donald wields a +0 fustibalus.
Donald shoots a stone.
The stone barely misses you. The redback closely misses you.
There is a stone staircase leading up, spattered with blood here.
Press: ? - help, Shift-Dir - straight line, f - redback, p - Donald
Aim: a redback (chance to affect: 88%)
The redback is devoured by a tear in reality.
Lugonu claims a new guest.
Donald is no longer covered in acid.
Donald unwields a +0 fustibalus.
Donald wields a +2 eveningstar of holy wrath.
It softly glows with a divine radiance!
Donald closely misses you.
Aiming: Phantom Mirror
Press: ? - help, Dir - move target, f - Donald
Aim: Donald, wielding a +2 eveningstar of holy wrath, wearing a +4 plate armour of fire resistance, wearing a +2 kite shield, wearing an amulet of the acrobat and quivering stones (heavily wounded, fast, strong)
You reflect Donald with the mirror!
The mirror clouds!
Donald hits Donald with a +2 eveningstar of holy wrath!!
Donald hits you with a +2 eveningstar of holy wrath.
Donald hits you with a +2 eveningstar of holy wrath!!!
You die...

..........................^#
.....................#
.....................####
##..............#.......#
#....#..........^...#...#
...................##^.##
................§...##..##
.............^.§§@...##..##
..≈≈≈...........@@..##....#
#≈≈≈...............####..(#
##≈≈........###..^.......##
≈≈#.........#.#......[..##
≈#≈....................##
≈≈≈≈..#................#
#≈≈≈≈...#....#≈......^^#
≈≈≈≈≈≈..≈≈...≈.....^####
..≈≈≈≈≈≈≈≈≈≈≈≈≈....##


You could see Donald (fast, strong, ally target) and the friendly Donald
(summoned, fast, strong, drained).

Vanquished Creatures
  An emperor scorpion (Spider:2)
  5 dire elephants
  4 vault guards (D:14)
  Erolcha (D:9)
  Harold (D:9)
  3 catoblepae
  A centaur warrior (D:14)
  4 two-headed ogres
  A tengu warrior (D:11)
  5 orc high priests (Orc:2)
  A death yak (Lair:6)
  A spectral dire elephant (Lair:6)
  A spectral anaconda (Lair:6)
  A skeletal warrior (D:14)
  2 bog bodies (Lair:2)
  Pikel (D:8)
  9 wolf spiders
  4 necromancers (Lair:6)
  4 orb spiders
  6 orc knights
  3 ugly things
  An orc sorcerer (Orc:2)
  15 elephants
  4 cyclopes
  A rust devil (Orc:2)
  2 torpor snails (Lair:6)
  5 black mambas
  A dire elephant zombie (Lair:6)
  An orange demon (Orc:2)
  An unseen horror (D:12)
  A gargoyle (D:12)
  16 cane toads
  An ice devil (Orc:2)
  A tengu conjurer (D:14)
  5 demonic crawlers
  A rime drake (Lair:3)
  4 komodo dragons
  A freezing wraith (D:14)
  4 trolls
  A red devil (Orc:2)
  13 jumping spiders
  2 polar bears
  2 hornets (Spider:1)
  4 slime creatures (D:12)
  7 dream sheep (Lair:5)
  10 blink frogs (Lair:6)
  2 shadows
  2 vampires
  40 redbacks
  6 wyverns
  2 wraiths (D:14)
  10 tarantellas
  3 basilisks
  42 yaks
  A chaos spawn (Orc:2)
  A death yak simulacrum (Lair:6)
  A steam dragon (Lair:4)
  9 vampire mosquitoes
  2 wargs (Orc:1)
  2 spectral cane toads (Lair:6)
  A swamp worm (Lair:2)
  An acid dragon (D:9)
  Duvessa (D:5)
  13 water moccasins
  25 orc warriors
  A black bear (Lair:5)
  A necrophage (D:4)
  4 ogres
  19 wolves
  A lemure (D:8)
  3 elephant skeletons (Lair:6)
  A phantom (D:6)
  10 centaurs
  A kobold brigand (D:8)
  14 bullfrogs
  A gnoll sergeant (D:8)
  3 scorpions
  Dowan (D:5)
  2 water moccasin skeletons
  A wyvern skeleton (D:5)
  An elephant simulacrum (Lair:6)
  5 killer bees (D:10)
  5 electric eels
  4 vampire bats (Lair:1)
  7 howler monkeys
  A bullfrog zombie (D:5)
  3 centaur zombies
  A jelly (D:5)
  4 hounds
  24 orc priests
  Jessica (D:2)
  2 iguanas
  Terence (D:2)
  11 orc wizards
  A scorpion zombie (D:3)
  A killer bee zombie (D:8)
  Robin (D:2)
  9 gnolls
  3 adders
  3 white imps
  An ufetubus (D:4)
  An adder skeleton (D:3)
  A worm (D:2)
  A dart slug (D:1)
  56 orcs
  11 bats
  6 endoplasms (D:2)
  6 giant cockroaches
  17 goblins
  13 hobgoblins
  4 quokkas
  2 ball pythons (D:1)
  A ball python skeleton (D:3)
  6 frilled lizards
  25 kobolds
  A quokka skeleton (D:3)
  A quokka zombie (D:3)
  8 rats
639 creatures vanquished.

Vanquished Creatures (others)
  A wizard (D:14)
  A bush (Lair:6)
  29 fungi
  66 plants
  22 withered plants (Lair:6)
119 creatures vanquished.

Grand Total: 758 creatures vanquished

Notes
Turn   | Place    | Note
-------+----------+-------------------------------------------
     0 | Abyss:1  | jjjjhere the Troll Abyssal Knight began the quest for the
                  | Orb.
     0 | Abyss:1  | Reached XP level 1. HP: 22/22 MP: 1/1
    15 | Abyss:1  | Found a basalt altar of Yredelemnul.
    44 | D:1      | Escaped the Abyss
   201 | D:1      | Reached XP level 2. HP: 29/29 MP: 2/2
   574 | D:1      | Reached skill level 3 in Unarmed Combat
   835 | D:2      | Reached XP level 3. HP: 36/36 MP: 3/3
   866 | D:2      | Reached ** piety under Lugonu
   906 | D:2      | Found a runed translucent door.
   907 | D:2      | Noticed Crazy Yiuf
  1041 | D:2      | Noticed Terence
  1050 | D:2      | Killed Terence
  1051 | D:2      | Reached XP level 4. HP: 35/44 MP: 4/4
  1103 | D:2      | Noticed Jessica
  1136 | D:2      | Reached skill level 4 in Unarmed Combat
  1139 | D:2      | Killed Jessica
  1230 | D:2      | Noticed Robin
  1271 | D:2      | Killed Robin
  1272 | D:2      | Reached XP level 5. HP: 25/50 MP: 6/6
  1846 | D:3      | Reached *** piety under Lugonu
  2114 | D:4      | Noticed a necrophage
  2118 | D:4      | Reached skill level 5 in Unarmed Combat
  2124 | D:4      | Killed a necrophage
  2125 | D:4      | Reached XP level 6. HP: 54/59 MP: 7/7
  2319 | D:4      | Found a hazy altar of Hepliaklqana.
  2851 | D:5      | Entered Level 5 of the Dungeon
  2949 | D:5      | Reached skill level 6 in Unarmed Combat
  2992 | D:5      | Found an ornate altar of the Wu Jian Council.
  3121 | D:5      | Reached XP level 7. HP: 48/66 MP: 9/9
  3212 | D:5      | Noticed Duvessa
  3213 | D:5      | Noticed Dowan
  3237 | D:5      | Killed Duvessa
  3252 | D:5      | Killed Dowan
  3253 | D:5      | Reached skill level 7 in Unarmed Combat
  4039 | D:6      | Reached skill level 5 in Invocations
  4116 | D:6      | Found a staircase to the Ecumenical Temple.
  4147 | D:6      | Noticed a troll
  4153 | D:6      | Killed a troll
  4154 | D:6      | Reached skill level 8 in Unarmed Combat
  4154 | D:6      | Reached XP level 8. HP: 51/74 MP: 10/10
  4565 | D:7      | Reached **** piety under Lugonu
  4576 | D:6      | Reached skill level 9 in Unarmed Combat
  4646 | D:7      | Found a flagged portal.
  4649 | D:7      | Identified the amulet of the Lobster {+Inv rF++ Regen+
                  | Int-3}
  4666 | Bailey   | Entered a bailey
  5207 | D:7      | Noticed a hornet
  5212 | D:7      | Banished a hornet
  5213 | D:7      | Reached skill level 10 in Unarmed Combat
  5213 | D:7      | Reached XP level 9. HP: 80/80 MP: 7/12
  5398 | D:7      | Found an ancient bone altar of Kikubaaqudgha.
  5788 | D:8      | Found a sparkling altar of Nemelex Xobeh.
  5799 | D:8      | Reached skill level 11 in Unarmed Combat
  5883 | D:8      | Found a hide-covered altar of Uskayaw.
  5884 | D:8      | Noticed a manticore
  5888 | D:8      | Banished a manticore
  5920 | D:8      | Found a bloodstained altar of Trog.
  5920 | D:8      | Found a white marble altar of Elyvilon.
  5924 | D:8      | Found a staircase to the Lair.
  6125 | D:8      | Reached ***** piety under Lugonu
  6222 | D:8      | Noticed Joseph
  6225 | D:8      | Banished Joseph
  6226 | D:8      | Reached XP level 10. HP: 67/88 MP: 5/14
  6400 | Lair:1   | Entered Level 1 of the Lair of Beasts
  6490 | Lair:1   | Reached skill level 12 in Unarmed Combat
  6794 | Lair:1   | Noticed a four-headed hydra
  6797 | Lair:1   | Banished a four-headed hydra
  6864 | Lair:1   | Found a runed translucent gate.
  6864 | Lair:1   | Found a runed translucent gate.
  6864 | Lair:1   | Found a runed translucent gate.
  6866 | Lair:1   | Noticed a quicksilver ooze
  7061 | Lair:1   | Noticed a cane toad
  7070 | Lair:1   | Killed a cane toad
  7173 | Lair:1   | Reached skill level 13 in Unarmed Combat
  7361 | Lair:1   | Noticed a cane toad
  7361 | Lair:1   | Noticed a black mamba
  7371 | Lair:1   | Killed a black mamba
  7375 | Lair:1   | HP: 26/92 [cane toad (15)]
  7378 | Lair:1   | HP: 2/92 [cane toad (15)]
  7380 | Lair:1   | Killed a cane toad
  7381 | Lair:1   | Reached XP level 11. HP: 21/98 MP: 16/16
  7383 | Lair:1   | HP: 20/98 [poisoned by a cane toad]
  7388 | Lair:1   | HP: 26/98 [poisoned by a cane toad]
  7427 | Lair:1   | Noticed an eight-headed hydra
  7438 | Lair:1   | Banished an eight-headed hydra
  7545 | Lair:1   | Noticed styxcanada's ghost (journeyman SpBr)
  7547 | Lair:1   | Found a viscous altar of Jiyva.
  7560 | Lair:2   | Noticed a catoblepas
  7707 | Lair:2   | Found a frozen archway.
  7728 | IceCv    | Entered an ice cave
  7853 | Lair:2   | Noticed a bog body
  7861 | Lair:2   | Killed a bog body
  7862 | Lair:2   | Reached skill level 14 in Unarmed Combat
  8036 | Lair:2   | Noticed a seven-headed hydra
  8037 | Lair:2   | Banished a seven-headed hydra
  8038 | Lair:2   | Reached skill level 5 in Fighting
  8209 | Lair:2   | Killed a catoblepas
  8252 | Lair:2   | Found a hole to the Spider Nest.
  8252 | Lair:2   | Noticed a wolf spider
  8267 | Lair:2   | Killed a wolf spider
  9009 | Lair:3   | Reached skill level 5 in Dodging
  9098 | Lair:3   | Reached XP level 12. HP: 118/118 MP: 17/17
  9905 | Lair:4   | Noticed Nergalle
  9906 | Lair:4   | Banished Nergalle
 10590 | Lair:5   | Noticed a boulder beetle
 10592 | Lair:5   | Banished a boulder beetle
 11077 | Lair:5   | Noticed Snorg
 11084 | Lair:5   | Banished Snorg
 11279 | Lair:5   | Found a staircase to the Slime Pits.
 11573 | Lair:6   | Entered Level 6 of the Lair of Beasts
 11760 | Lair:6   | Noticed Urug
 11763 | Lair:6   | Reached XP level 13. HP: 114/130 MP: 18/18
 12084 | Lair:6   | Banished Urug
 12249 | Lair:6   | Reached skill level 15 in Unarmed Combat
 12687 | Lair:6   | Found a snail-covered altar of Cheibriados.
 12905 | Lair:6   | Noticed a dire elephant
 12905 | Lair:6   | Noticed a dire elephant
 12905 | Lair:6   | Noticed a dire elephant
 12908 | Lair:6   | Noticed a dire elephant
 12933 | Lair:6   | Killed a dire elephant
 12939 | Lair:6   | HP: 26/131 [dire elephant (28)]
 12996 | Lair:6   | Killed a dire elephant
 13060 | Lair:6   | Noticed a dire elephant
 13182 | Lair:6   | Reached skill level 10 in Invocations
 13323 | Lair:5   | Killed a dire elephant
 13439 | Lair:5   | HP: 23/133 [dire elephant (32)]
 13480 | Lair:5   | Killed a dire elephant
 13481 | Lair:5   | Reached skill level 10 in Fighting
 14013 | Lair:6   | Reached XP level 14. HP: 132/143 MP: 20/20
 14392 | D:9      | Noticed Harold
 14394 | D:9      | Noticed Pikel
 14528 | D:8      | Killed Pikel
 14561 | D:9      | Found a radiant altar of Vehumet.
 14568 | D:9      | Killed Harold
 14671 | D:9      | Noticed Erolcha
 14720 | D:9      | Killed Erolcha
 14780 | D:9      | Found Tegoicren's Weapon Boutique.
 14785 | D:9      | Found a staircase to the Orcish Mines.
 14928 | D:9      | Found a blossoming altar of Fedhas.
 15088 | Orc:1    | Entered Level 1 of the Orcish Mines
 15319 | Orc:2    | Entered Level 2 of the Orcish Mines
 15343 | Orc:2    | Found a staircase to the Elven Halls.
 16358 | Orc:2    | Found Vimpyrch's General Store.
 16415 | Orc:2    | Found Piafac's Magic Scroll Shop.
 16540 | Orc:2    | Reached ****** piety under Lugonu
 17076 | Orc:2    | HP: 42/144 [sixfirhy[an orc high priest] (11)]
 17157 | Orc:2    | Reached skill level 10 in Dodging
 17399 | Orc:2    | Paralysed by an orc sorcerer for 6 turns
 17403 | Orc:2    | Gained mutation: You occasionally shout uncontrollably at
                  | your foes. [a neqoxec]
 17599 | Orc:2    | Found Ishric's Book Emporium.
 17599 | Orc:2    | Found Iririqeex's Antique Armour Shoppe.
 17599 | Orc:2    | Found a one-way gate leading to the halls of Pandemonium.
 17617 | Orc:2    | HP: 40/146 [orc high priest (15)]
 17814 | D:10     | Entered Level 10 of the Dungeon
 18027 | D:10     | Identified the +1 ring mail of Words of Power {Int+3}
 19102 | D:11     | You fall into a shaft and drop 3 floors!
 19284 | D:14     | Found a white marble altar of Elyvilon.
 19298 | D:14     | HP: 45/146 [death knight (25)]
 19405 | D:14     | Found a sacrificial altar of Ru.
 19521 | D:14     | Reached XP level 15. HP: 115/154 MP: 22/22
 21073 | D:13     | Noticed Sonja
 21085 | D:13     | Noticed Rupert
 21334 | Lair:2   | Found a staircase to the Swamp.
 21422 | Spider:1 | Entered Level 1 of the Spider Nest
 21807 | Spider:1 | HP: 47/156 [jumping spider (5)]
 21810 | Spider:1 | HP: 23/156 [redback (6)]
 21815 | Spider:1 | HP: 34/156 [poisoned by a redback]
 21820 | Spider:1 | HP: 28/156 [poisoned by a redback]
 21821 | Spider:1 | HP: 13/156 [redback (10)]
 22097 | Spider:1 | Reached skill level 1 in Armour
 23234 | Spider:2 | Noticed Donald
 23539 | Spider:1 | HP: 47/156 [entropy weaver (16)]
 23541 | Spider:1 | HP: 16/156 [entropy weaver (8)]
 24174 | Spider:2 | HP: 45/156 [Donald (24)]
 24179 | Spider:2 | HP: 51/156 [Donald (6)]
 24179 | Spider:2 | Slain by Donald

Illustrated notes

Levels and vault maps discovered:
D:1:      evilmike_arrival_crescent, layout_basic,
          chequers_serial_rivers_small_a, st_stairs_2
D:2:      layout_rooms, kennysheep_pointless_box, uniq_terence, uniq_robin,
          uniq_jessica, uniq_crazy_yiuf_cottage
D:3:      layout_loops_ring, serial_undead, serial_undead_f, serial_undead_b,
          serial_undead_f, serial_undead_f, serial_undead_a, serial_undead_a
D:4:      layout_basic, worldfamousw_hep_ancestral_shrine
D:5:      layout_layer_cave, mainiacjoe_overflow_paths, uniq_duvessa
D:6:      layout_loops_ring, minmay_temple_entry_crystal_x
D:7:      layout_rooms, overflow_temple_1_default, serial_curves,
          eino_curves_04, eino_curves_02, enter_bailey_6
D:8:      layout_basic, chequers_temple_overflow_statue_of_worship,
          lair_entry_dummy, minivault_24, grunt_decor_one_mirror,
          minmay_misc_feat_plants, minmay_ruined_shrine, uniq_joseph
D:9:      layout_rooms, fedhas_altar_fruit_tree, mainiacjoe_overflow_boulevard,
          orc_david_3, hellmonk_bongcloud_opening, uniq_harold, uniq_erolcha,
          uniq_pikel
D:10:     layout_stronghold
D:11:     layout_basic, serial_glass, glass_columns_c, glass_columns_a,
          chequers_jeans
D:12:     layout_loops_ring
D:13:     layout_loops_ring, lightli_church_of_beogh, uniq_frances, uniq_rupert,
          uniq_jorgrun, uniq_sonja
D:14:     layout_gridville, lightli_vaults_fourway_checkpoint,
          nicolae_ru_the_path_less_chosen, elyvilon_altar_1
Lair:1:   cheibrodos_lair_river_kwai, layout_regular_city, gammafunk_ghost_ooze,
          roderic_batcave, lemuel_fruit_fields
Lair:2:   layout_regular_city, nicolae_swamp_entry_splash_gauntlet,
          spider_nest_entry_rubble, portal_ice_cave_entry_pillars_2,
          serial_bayou_lagoon_b, grunt_megastairs_4
Lair:3:   layout_cave_pods
Lair:4:   layout_cave_pods, uniq_nergalle
Lair:5:   layout_big_grid, dpeg_slime_entry_corner, beast_lair_carwin_4,
          grunt_megastairs_3, uniq_snorg
Lair:6:   due_jungle_book, layout_layer_cave, kennysheep_snail_temple, uniq_urug
Spider:1: layout_chambers, nicolae_spider_some_kinda_spiderbox
Spider:2: layout_spider_delve, drop_trap, nicolae_spider_bug_shape,
          uniq_roxanne, uniq_donald, uniq_nikola
Orc:1:    layout_diamond_mine
Orc:2:    pf_orc_diabolical, layout_diamond_mine

Skill      XL: |  1  2  3  4  5  6  7  8  9 10 11 12 13 14 15 |
---------------+----------------------------------------------+-----
Invocations    | 2 3 4 5 6 7 8 9 10 11 13 | 13.0
Unarmed Combat | 3 4 5 6 8 10 11 13 14 15 | 15.4
Fighting       | 3 7 8 10 11 12 | 12.1
Dodging        | 5 7 9 10 11 | 11.3
Armour         | 3 |  3.3
Throwing       | |  0.2

Action                   |  1- 3 |  4- 6 |  7- 9 | 10-12 | 13-15 || total
-------------------------+-------+-------+-------+-------+-------++-------
Melee: Unarmed           |   104 |   169 |   288 |   458 |  1297 ||  2316
       Punch             |     2 |     5 |     9 |    31 |    90 ||   137
Throw: Dart              |     3 |       |     4 |    16 |    52 ||    75
Invok: Banish            |       |       |     4 |     9 |    24 ||    37
Evoke: Wand              |       |       |       |       |     5 ||     5
       Phantom mirror    |       |       |       |       |     1 ||     1
  Use: Scroll            |       |       |    15 |     8 |     3 ||    26
       Potion            |       |       |       |     1 |     6 ||     7
 Stab: Sleeping          |       |     1 |       |       |       ||     1
       Invisible         |       |       |       |       |     2 ||     2
Armor: Robe              |    37 |    13 |       |       |       ||    50
       Animal skin       |       |    32 |    56 |    64 |   241 ||   393
Dodge: Dodged            |    42 |    55 |   141 |   267 |   939 ||  1444
Block: Other             |       |    11 |    19 |       |       ||    30
       Reflection        |       |       |     2 |       |       ||     2
